 Dungeon Crawl Stone Soup version 0.15.0-18-g9076a4f (webtiles) character file.

11477 Patate the Warrior (level 11, 0/112 HPs)
             Began as a Minotaur Berserker on Sept 5, 2014.
             Was a High Priest of Trog.
             Slain by a sixfirhy (9 damage)
             ... summoned by an orc high priest
             ... on Level 3 of the Orcish Mines on Sept 7, 2014.
             The game lasted 01:08:36 (14560 turns).

Patate the Warrior (Minotaur Berserker)            Turns: 14560, Time: 01:08:36

HP   0/112       AC 15     Str 25      XL: 11   Next: 49%
MP   4/4         EV  7     Int  4      God: Trog [*****.]
Gold 1031        SH  0     Dex 15      Spells:  0 memorised, 10 levels left

rFire  . . .     SeeInvis +     w - +4 broad axe (flame)
rCold  . . .     Clarity  .     a - +0 plate armour
rNeg   . . .     rCorr    .     (no shield)
rPois  .         rRot     .     (helmet restricted)
rElec  .         Spirit   .     (no cloak)
SustAb .         Warding  .     (no gloves)
rMut   .         Stasis   .     (no boots)
Gourm  .                        (no amulet)
MR     ++...                    r - +5 ring of dexterity
                                k - ring of see invisible

@: regenerating, invisible, very resistant to hostile enchantments, extremely
unstealthy
A: retaliatory headbutt, horns 2
a: Burn Spellbooks, Berserk, Trog's Hand, Brothers in Arms, Renounce Religion


You were on level 3 of the Orcish Mines.
You worshipped Trog.
Trog was extremely pleased with you.
You were hungry.

You visited 2 branches of the dungeon, and saw 14 of its levels.

You collected 1101 gold pieces.
You spent 70 gold pieces at shops.

Inventory:

Hand weapons
 m - a +1 hand axe of electrocution
 t - a cursed +2 halberd of flaming
 v - a +3 antimagic war axe
 w - a +4 broad axe of flaming (weapon)
Armour
 a - a +0 plate armour (worn)
Magical devices
 d - a wand of digging (10) {unknown}
 l - a wand of fireball (4) {unknown}
 n - a wand of digging (11) {unknown}
 s - a wand of slowing (9)
 u - a wand of paralysis (9) {unknown}
 F - a wand of enslavement (12) {unknown}
Comestibles
 b - a beef jerky
 c - 3 bread rations
 f - 8 fruits
 h - 7 meat rations
 j - 2 slices of pizza
 E - 3 chunks of orc flesh
 G - 3 chunks of orc flesh
 H - 4 chunks of orc flesh
Scrolls
 e - 6 scrolls of identify
 g - 2 scrolls of enchant weapon
 o - 2 scrolls of fear
 p - 4 scrolls of remove curse
 q - a scroll of fog
 z - a scroll of recharging
 A - a scroll of silence {unknown}
 D - a scroll of enchant armour
Jewellery
 k - a ring of see invisible (left hand)
 r - a +5 ring of dexterity (right hand)
 x - an uncursed ring of ice {unknown}
 y - an uncursed amulet of resist corrosion {unknown}
 C - a +3 ring of evasion
Potions
 i - 2 potions of restore abilities
 B - a potion of invisibility


   Skills:
 * Level 15.0 Fighting
 + Level 9.3(9.4) Axes
 - Level 1.0(5.9) Polearms
 + Level 12.8 Armour
 - Level 2.1 Dodging


You had 10 spell levels left.
You didn't know any spells.

Dungeon Overview and Level Annotations

Branches:
Dungeon (11/15)            Temple (0/1) D:6             Orc (3/4) D:10
    Elf: Orc:3-4       Lair: D:8-11

Altars:
Ashenzari
Cheibriados
Dithmenos
Fedhas
Qazlal
Trog
Vehumet
Xom
Zin

Shops:
D:10 ?   Orc:1 =

Annotations:
D:11 Urug


Innate Abilities, Weirdness & Mutations

You reflexively headbutt those who attack you in melee.
You have a pair of horns on your head.


Message History

Use which ability? (? or * to list)
Your two-headed ogre goes berserk!
You feel somewhat more hungry.
The sixfirhy hits you but does no damage.
The sixfirhy misses you.
The sixfirhy hits you but does no damage.
The orc high priest invokes the aid of Beogh against you.
Something smites you!
* * * LOW HITPOINT WARNING * * *
Huge Dmg: -10%(-11hp) hp: 22%(24hp) Drink which item? (? for menu, Esc to quit)
You fade into invisibility!
The sixfirhy hits you!
* * * LOW HITPOINT WARNING * * *
The sixfirhy shocks you!
* * * LOW HITPOINT WARNING * * *
The sixfirhy hits you.
* * * LOW HITPOINT WARNING * * *
The sixfirhy shocks you!
You die...

#.....# .
#..#..#######..
#...............
#...............
#..8.o#..#..#..8. ##
#................
##.##.....oo3........
##...########44o######
#....(.....().@....#
##.........8.....8.#
#..............O)..####
##..........(...[.###.##
#..........##..))..#...#
##....#.#...###.)..[..##
###.#####.............#
### #......#.....##
##....#.....##


You could see an orc high priest, 2 sixfirhies, a smoke demon, 3 orc priests and
a friendly two-headed ogre (berserk).

Vanquished Creatures
  Nergalle (D:10)
  An unseen horror (D:10)
  Pikel (D:7)
  A wolf spider (D:10)
  An orc sorcerer (Orc:2)
  A trapdoor spider (D:10)
  6 yaks (D:7)
  Grum (D:8)
  A vampire mosquito (D:10)
  A hill giant skeleton (D:9)
  Menkaure (D:4)
  A hungry ghost (D:10)
  3 water moccasins
  4 wolves (D:8)
  2 necrophages
  2 sky beasts
  4 centaurs
  7 ogres
  A phantom (D:8)
  3 ice beasts
  3 orc warriors
  2 big kobolds
  Duvessa (D:6)
  2 giant frogs
  A gnoll sergeant (D:9)
  3 scorpions
  A hippogriff zombie (D:7)
  5 wights (D:10)
  A yak zombie (D:9)
  14 killer bees
  Dowan (D:6)
  4 crimson imps
  3 goliath beetles
  A gnoll shaman (D:6)
  2 quasits
  14 orc priests
  8 jellies
  3 hounds
  4 worker ants
  8 iguanas
  20 orc wizards
  A hound skeleton (D:6)
  A mummy (D:8)
  A worker ant zombie (D:6)
  9 adders
  43 gnolls
  An orc skeleton (D:6)
  2 shadow imps (D:6)
  A giant mite (D:2)
  4 worms
  2 orc zombies
  92 orcs
  16 goblins
  14 hobgoblins
  25 jackals
  27 kobolds
  4 quokkas
  19 bats
  8 giant cockroaches
  7 giant geckos
  5 giant newts
  A jackal skeleton (D:4)
  10 rats
  A rat skeleton (D:7)
  8 spectral orcs (D:10)
  9 ballistomycetes
  A bush (D:10)
  2 plants (D:6)
458 creatures vanquished.

Vanquished Creatures (collateral kills)
  The ghost of MDvedh the Nimble, an experienced DrCj of Vehumet (D:10)
  4 gnolls (D:6)
5 creatures vanquished.

Vanquished Creatures (others)
  A sky beast (D:10)
  An ogre (D:10)
  An iguana (D:7)
  An orc (D:8)
  4 giant spores
  A plant (D:10)
9 creatures vanquished.

Grand Total: 472 creatures vanquished

Notes
Turn   | Place    | Note
--------------------------------------------------------------
     0 | D:1      | Patate, the Minotaur Berserker, began the quest for the Orb.
     0 | D:1      | Reached XP level 1. HP: 19/19 MP: 1/1
   212 | D:1      | Reached skill level 4 in Fighting
   212 | D:1      | Reached XP level 2. HP: 25/27 MP: 1/1
   850 | D:2      | Acquired Trog's second power
   872 | D:2      | Reached XP level 3. HP: 18/34 MP: 2/2
  1485 | D:2      | Found a glowing silver altar of Zin.
  1935 | D:3      | Reached skill level 5 in Fighting
  1935 | D:3      | Reached XP level 4. HP: 28/42 MP: 2/2
  2219 | D:3      | Reached XP level 5. HP: 44/48 MP: 2/2
  2589 | D:4      | Noticed an ogre
  2592 | D:4      | Killed an ogre
  2592 | D:4      | Reached skill level 6 in Fighting
  2592 | D:4      | Reached skill level 5 in Axes
  2871 | D:4      | Noticed Menkaure
  2879 | D:4      | Killed Menkaure
  2879 | D:4      | Reached skill level 5 in Armour
  2879 | D:4      | Reached XP level 6. HP: 42/57 MP: 3/3
  2999 | D:4      | Found a shattered altar of Ashenzari.
  3032 | D:4      | Got a slimy ring mail
  3033 | D:4      | Identified the +1 ring mail of the Fifty Dances {+Inv Stlth--} (You found it on level 4 of the Dungeon)
  4144 | D:5      | Entered Level 5 of the Dungeon
  4305 | D:5      | Reached XP level 7. HP: 61/63 MP: 3/3
  4365 | D:5      | Reached skill level 7 in Armour
  4749 | D:5      | Acquired Trog's third power
  4808 | D:5      | Reached skill level 8 in Armour
  4874 | D:5      | Noticed a water moccasin
  4881 | D:5      | Killed a water moccasin
  4881 | D:5      | Reached skill level 9 in Armour
  4998 | D:5      | Reached XP level 8. HP: 67/70 MP: 3/3
  5008 | D:6      | Upgraded the game from 0.15.0-14-g6bbbb5c to 0.15.0-16-gce31824
  5062 | D:6      | Reached skill level 10 in Armour
  5490 | D:6      | Reached skill level 11 in Armour
  5711 | D:6      | Found a shadowy altar of Dithmenos.
  6265 | D:6      | Found a bloodstained altar of Trog.
  6482 | D:6      | Found a staircase to the Ecumenical Temple.
  6527 | D:6      | Found a snail-covered altar of Cheibriados.
  6634 | D:7      | Noticed Duvessa
  6634 | D:7      | Noticed Dowan
  6649 | D:6      | Killed Duvessa
  6653 | D:6      | Killed Dowan
  6705 | D:6      | Received a gift from Trog
  6705 | D:6      | Reached skill level 1 in Polearms
  6705 | D:6      | Reached XP level 9. HP: 36/81 MP: 4/4
  7071 | D:7      | Found a bloodstained altar of Trog.
  7321 | D:7      | Found a shimmering altar of Xom.
  7759 | D:7      | Found a blossoming altar of Fedhas.
  7902 | D:7      | Reached skill level 10 in Fighting
  8073 | D:7      | Noticed Pikel
  8079 | D:7      | Killed Pikel
  8079 | D:7      | Reached skill level 12 in Fighting
  8079 | D:7      | Reached XP level 10. HP: 91/99 MP: 4/4
  8146 | D:7      | Found a radiant altar of Vehumet.
  8422 | D:8      | Received a gift from Trog
  8695 | D:8      | Noticed Grum
  8706 | D:8      | Killed Grum
  8713 | D:8      | Reached skill level 13 in Fighting
  9796 | D:9      | Received a gift from Trog
 10331 | D:9      | Upgraded the game from 0.15.0-16-gce31824 to 0.15.0-18-g9076a4f
 10638 | D:9      | Found a stormy altar of Qazlal.
 10671 | D:10     | Entered Level 10 of the Dungeon
 10746 | D:10     | Reached skill level 14 in Fighting
 10879 | D:10     | Found a staircase to the Orcish Mines.
 10933 | D:10     | Found Xurudon's Magic Scroll Boutique.
 11069 | D:10     | Noticed MDvedh's ghost (experienced DrCj)
 11095 | D:10     | Killed MDvedh's ghost
 11297 | D:10     | Reached XP level 11. HP: 96/110 MP: 4/4
 11445 | D:10     | Noticed Nergalle
 11486 | D:10     | Killed Nergalle
 11857 | D:10     | Noticed a wolf spider
 11885 | D:10     | Noticed an unseen horror
 12278 | D:10     | Killed an unseen horror
 12342 | D:10     | Killed a wolf spider
 12518 | D:11     | Noticed Urug
 12652 | D:10     | Bought a scroll of fear for 35 gold pieces
 12652 | D:10     | Bought a scroll of fear for 35 gold pieces
 12675 | Orc:1    | Entered Level 1 of the Orcish Mines
 12675 | Orc:1    | Found Trigad's Jewellery Shoppe.
 13186 | Orc:1    | Found a dark tunnel.
 13679 | Orc:2    | Paralysed by an orc sorcerer for 3 turns
 13685 | Orc:2    | Paralysed by an orc sorcerer for 5 turns
 13692 | Orc:2    | Reached skill level 15 in Fighting
 14202 | Orc:3    | Received a gift from Trog
 14546 | Orc:3    | Noticed an orc high priest
 14560 | Orc:3    | Slain by a sixfirhy

Action                   |  1- 3 |  4- 6 |  7- 9 | 10-12 || total
-------------------------+-------+-------+-------+-------++-------
Melee: Hand axe          |    94 |   102 |   177 |       ||   373
       Halberd           |       |       |    49 |       ||    49
       Broad axe         |       |       |    96 |   418 ||   514
Invok: Berserk           |       |       |     1 |     1 ||     2
       Trog's Hand       |       |       |     2 |     5 ||     7
       Burn Spellbooks   |       |       |     2 |     2 ||     4
       Brothers in Arms  |       |       |     1 |     3 ||     4
  Use: Potion            |     2 |     6 |       |     8 ||    16
       Scroll            |       |    11 |     3 |     2 ||    16
  Eat: Chunk             |     3 |     4 |    14 |    18 ||    39
       Royal jelly       |       |     1 |       |     2 ||     3
       Pizza             |       |     1 |       |       ||     1
       Fruit             |       |       |       |     2 ||     2
